[Event "European Amateur-ch U2000 2019"]
[Site "Rhodes"]
[Date "2019.04.12"]
[Round "7.4"]
[White "Flis, Pawel"]
[Black "Bozinovic, Boban"]
[Result "1-0"]
[ECO "B23"]
[WhiteElo "1903"]
[BlackElo "1950"]
[Annotator "NA"]
[PlyCount "375"]
[EventDate "2019.04.06"]
[EventType "swiss"]
[EventCountry "GRE"]
[SourceTitle "playchess.com"]
[Source "ChessBase"]
[SourceQuality "1"]
[TimeControl "40/5400+30:1800+30"]

1. e4 c5 2. Nc3 Nc6 3. Bb5 g6 4. Bxc6 bxc6 5. d3 Bg7 6. f4 d6 7. Nf3 Qc7 {[%emt 0:00:39] B23: Closed Sicilian: Lines without g3} (7... Qb6 8. O-O Nf6 9. Kh1 O-O 10. Qe1 Bg4 11. b3 Nh5 12. Bd2 Rae8 13. Qh4 Bd7 14. Rae1 Qd8 15. e5 {0-1 (71) Mitkov,N (2477)-Sarana,A (2630) chess.com INT 2019}) 8. O-O Rb8 9. Qe1 e6 ({Black should try} 9... Nh6 $14) 10. b3 Ne7 11. Bd2 O-O 12. Rd1 $146 ({Predecessor:} 12. e5 Nd5 13. exd6 Qxd6 14. Ne4 Qc7 15. Rc1 Bd4+ 16. Kh1 {1-0 (56) Zerfass,O (2031)-Walther,J (1748) Blankenburg 2008}) 12... f5 {[%emt 0:10:24] [#]} 13. e5 ({White should play} 13. Na4 $1 $18) 13... Nd5 14. exd6 Qxd6 15. Ne5 Nb4 16. Rc1 Re8 17. Kh1 Ba6 18. Rf2 Rbd8 19. a3 Nd5 20. Re2 Bc8 21. Qf2 Ba6 22. Na4 Bf8 23. Rce1 Nb6 24. Nb2 Qd4 25. Qxd4 cxd4 26. Nxc6 Rc8 27. Nxd4 Bg7 28. c3 Nd5 29. Nc4 Rb8 30. b4 Bxd4 31. cxd4 Bc8 32. h3 Re7 33. Rc1 Rc7 34. Nd6 Rxc1+ 35. Bxc1 Ba6 36. Rxe6 Bxd3 37. Re8+ Rxe8 38. Nxe8 Kf7 39. Nd6+ Ke6 40. Nb7 Be2 41. Kg1 Bd1 42. Kf2 Ke7 43. Bd2 Nb6 44. b5 Ke6 45. Bb4 Kd5 46. Bc5 Ba4 47. Nd6 Nd7 48. Bb4 Kxd4 49. g4 fxg4 50. hxg4 Nf6 51. Kg3 Kd5 52. Kh4 Ke6 53. f5+ gxf5 54. gxf5+ Kd7 55. Kg5 Ne8 56. Nf7 Bxb5 57. Ne5+ Kc8 58. f6 h6+ 59. Kg6 Nxf6 60. Kxf6 h5 61. Kg5 Be8 62. Bc5 Kb7 63. Nd3 a5 64. Nf4 Bf7 65. Be7 a4 66. Bb4 Kc6 67. Kf6 Bb3 68. Nxh5 Kb5 69. Ke5 Ka6 70. Kd6 Kb7 71. Kc5 Bf7 72. Nf4 Bb3 73. Kb5 Bd1 74. Bc5 Bb3 75. Ne2 Bd1 76. Nd4 Bb3 77. Bb6 Bd1 78. Ne6 Bb3 79. Nc5+ Ka8 80. Kc6 Bd1 81. Kc7 Bc2 82. Nd7 Bf5 83. Ne5 Be6 84. Bc5 Bd5 85. Nd7 Bb3 86. Nb6+ Ka7 87. Nxa4+ Ka6 88. Nc3 Bc2 89. Bb6 Bb3 90. Bc5 Bc2 91. Bb6 Bb3 92. Ne4 Kb5 93. Nd6+ Ka6 94. Kc6 Ba4+ 95. Kc5 Bd7 96. Ne4 Kb7 97. Nd6+ Ka6 98. Ne4 Kb7 99. Nc3 Ka6 100. a4 Kb7 101. a5 Bh3 102. Nd5 Bg2 103. Nb4 Bf1 104. Nc6 Be2 105. Nd8+ Kb8 106. Kd6 Bf1 107. Be3 Kc8 108. Bg5 Be2 109. Kc5 Kc7 110. Nf7 Bf1 111. Nd6 Be2 112. Bf4 Bf1 113. Nc4+ Kb7 114. Nb6 $18 Be2 115. Bd2 Bf1 116. Bb4 Be2 117. Nd5 Bf1 118. Kd6 Be2 119. Nc3 Bf1 120. Na4 Be2 121. Nc5+ Ka7 122. Kc7 Bf1 123. Bd2 Be2 124. Be3 Bf1 125. Na4+ Ka8 126. Kb6 Bg2 127. a6 Kb8 128. Nc5 Ba8 129. Bf4+ Kc8 130. Ka7 Bg2 131. Nb7 Bh1 132. Nd6+ Kc7 133. Nb7+ Kc8 134. Kb6 Bg2 135. Nc5 Bf3 136. a7 Ba8 137. Na6 Kd7 138. Nc7 Bg2 139. a8=Q Bxa8 140. Nxa8 Ke6 141. Kc5 Kf5 142. Bd6 Ke4 143. Nb6 Ke3 144. Kd5 Kf3 145. Nc4 Ke2 146. Ke4 Kf2 147. Bf4 Ke2 148. Bg3 Kf1 149. Kf3 Kg1 150. Bf4 Kh1 151. Be3 Kh2 152. Kf2 Kh1 153. Kf3 Kh2 154. Nd2 Kh1 155. Ne4 Kh2 156. Bf2 Kh1 157. Be3 Kh2 158. Ng3 Kh3 159. Bg1 Kh4 160. Ne4 Kh3 161. Nf2+ Kh4 162. Kf4 Kh5 163. Kf5 Kh4 164. Bh2 Kh5 165. Bg3 Kh6 166. Be5 Kh5 167. Bf6 Kh6 168. Ne4 Kh5 169. Be7 Kh6 170. Nf6 Kg7 171. Nd5 Kf7 172. Bf6 Ke8 173. Ke6 Kf8 174. Nc7 Kg8 175. Be7 Kg7 176. Nd5 Kg6 177. Nf4+ Kg7 178. Bg5 Kf8 179. Bf6 Ke8 180. Nh5 Kf8 181. Be7+ Kg8 182. Kf6 Kh7 183. Kg5 Kg8 184. Kg6 Kh8 185. Bg5 Kg8 186. Bh6 Kh8 187. Bg7+ Kg8 188. Nf6# 1-0

[Event "European Amateur-ch U2000 2019"]
[Site "Rhodes"]
[Date "2019.04.12"]
[Round "7.5"]
[White "Nagy, Laszlo Bence"]
[Black "Zielinski, Olgierd"]
[Result "0-1"]
[ECO "E69"]
[WhiteElo "1978"]
[BlackElo "1850"]
[Annotator "NA"]
[PlyCount "52"]
[EventDate "2019.04.06"]
[EventType "swiss"]
[EventCountry "GRE"]
[SourceTitle "playchess.com"]
[Source "ChessBase"]
[SourceQuality "1"]
[TimeControl "40/5400+30:1800+30"]

1. Nf3 Nf6 2. c4 g6 3. Nc3 Bg7 4. d4 d6 5. g3 O-O 6. Bg2 c6 7. O-O Qa5 8. h3 Nbd7 9. e4 e5 10. d5 cxd5 {[%emt 0:00:10] E69: King's Indian: Fianchetto: 6...Nbd7 7 0-0 e5 8 e4 c6 9 h3} 11. Nxd5 (11. cxd5 b5 12. Nd2 b4 13. Nb3 Qc7 14. Ne2 Ba6 15. Re1 Rfc8 16. Bd2 Qb6 17. Be3 Qb5 18. a3 Nb6 19. axb4 Nc4 20. Bc1 Rab8 21. Nd2 Qb7 22. Nb1 Ne8 23. Nec3 Nc7 24. Bf1 Nb5 25. Nxb5 Bxb5 26. b3 {1-0 (26) Vajda,L (2600)-Gazik,V (2449) Zalakaros 2017}) 11... Nxd5 12. Qxd5 $146 ({Predecessor:} 12. cxd5 Nc5 13. Nd2 f5 14. Nb3 Nxb3 15. Qxb3 f4 16. Rd1 h5 17. Bd2 Qd8 18. Rac1 {0-1 (33) Schulze,U (2380)-Watson,W (2470) Bern 1990}) 12... Qxd5 13. cxd5 Nc5 14. Ne1 a5 15. Bg5 f6 16. Bd2 b6 17. f3 Ba6 18. Rf2 f5 19. b4 (19. Rc1 $15) 19... axb4 20. Bxb4 Bh6 21. Bd2 Bxd2 22. Rxd2 fxe4 23. fxe4 Bc4 24. Rb2 b5 25. h4 Ra3 26. Kh2 Rfa8 $19 0-1

[Event "European Amateur-ch U2000 2019"]
[Site "Rhodes"]
[Date "2019.04.12"]
[Round "7.6"]
[White "Zakharov, Denis"]
[Black "Boesch, Heinz"]
[Result "1/2-1/2"]
[ECO "C44"]
[WhiteElo "1889"]
[BlackElo "1929"]
[Annotator "NA"]
[PlyCount "124"]
[EventDate "2019.04.06"]
[EventType "swiss"]
[EventCountry "GRE"]
[SourceTitle "playchess.com"]
[Source "ChessBase"]
[SourceQuality "1"]
[TimeControl "40/5400+30:1800+30"]

1. Nf3 Nc6 2. d3 e5 3. e4 Nf6 4. g3 d5 5. Nbd2 dxe4 (5... Be7 6. Bg2 O-O 7. O-O h6 8. Re1 d4 9. Nc4 Nd7 10. a4 Re8 11. c3 dxc3 12. bxc3 Nc5 13. Nfxe5 Nxe5 14. Nxe5 Bf6 15. d4 Bxe5 16. dxe5 Qxd1 17. Rxd1 {1-0 (34) Nakamura,H (2786)-Caruana,F (2802) chess.com INT 2017}) 6. dxe4 {[%emt 0:00:03] C44: Ponziani Opening and Scotch Gambit} Bg4 7. Bg2 Qd7 8. O-O Bh3 $146 ({Predecessor:} 8... O-O-O 9. Re1 h5 10. Re3 Qe6 11. Qf1 Nb4 12. Rc3 Kb8 13. Ng5 Qe8 14. Qc4 Rd7 15. Rb3 Qe7 16. a3 Rd4 17. Qc3 {0-1 (81) Pshevskaya,Y (1362)-Rozmanec,P (1094) Prague 2016}) 9. c3 Bxg2 10. Kxg2 O-O-O 11. Qb3 h6 12. Nc4 Qe8 13. Re1 Nd7 14. Be3 Bc5 15. Rad1 Bxe3 16. Nxe3 Kb8 17. a4 f6 18. Qc2 Nc5 19. b4 Rxd1 20. Rxd1 Ne6 21. b5 Na5 22. c4 Qe7 23. Qc3 b6 $11 24. Nd5 Qc5 25. Nd2 Nd4 26. Nb4 Kc8 27. Na6 Qe7 28. c5 Nb7 29. cxb6 axb6 30. Nf1 Nc5 31. Qa3 Kd7 32. Nxc5+ Qxc5 33. Qa2 Ke7 34. Ne3 Ra8 35. Nd5+ Kf8 36. Ra1 Nxb5 37. Qb2 Nd4 38. Rc1 Qa5 39. Rxc7 Qxa4 40. Nxb6 Qa2 41. Qb4+ Kg8 42. Nxa8 Qxa8 43. Qb7 Qxb7 44. Rxb7 Kh7 45. h4 h5 46. f4 exf4 47. gxf4 Ne6 48. Kf3 Kh6 49. f5 Nc5 50. Rc7 Nd3 51. Rc8 Kh7 52. Rd8 Ne5+ 53. Kf4 Ng4 54. Re8 Nf2 55. e5 Nd3+ 56. Ke4 Nxe5 57. Rxe5 fxe5 58. Kxe5 Kg8 59. Kf4 Kf8 60. Kg5 Kf7 61. Kxh5 Kf6 62. Kg4 g6 1/2-1/2

[Event "European Amateur-ch U2000 2019"]
[Site "Rhodes"]
[Date "2019.04.12"]
[Round "7.7"]
[White "Krzysztynska, Anna"]
[Black "Minko, Olga"]
[Result "1-0"]
[ECO "C65"]
[WhiteElo "1844"]
[BlackElo "1833"]
[Annotator "NA"]
[PlyCount "85"]
[EventDate "2019.04.06"]
[EventType "swiss"]
[EventCountry "GRE"]
[SourceTitle "playchess.com"]
[Source "ChessBase"]
[SourceQuality "1"]
[TimeControl "40/5400+30:1800+30"]

1. e4 e5 2. Nf3 Nc6 3. Bb5 Nf6 4. d3 Ne7 5. O-O Ng6 6. d4 Nxe4 7. dxe5 c6 8. Bc4 d5 9. exd6 Nxd6 10. Re1+ Be7 11. Bb3 O-O 12. Nc3 Qc7 13. Ng5 $11 h6 14. Qh5 Nh8 15. Nf3 Bf5 16. Bf4 Bg6 17. Qc5 Nc8 18. Qc4 Qa5 19. a3 Bd6 20. Ne5 Nb6 21. Qd4 Bc5 22. Qd1 Rad8 23. Qg4 Kh7 24. Qh4 Nd7 25. Nc4 Qa6 26. Rad1 Nf6 27. Bxh6 gxh6 28. Qxf6 Rxd1 29. Rxd1 b5 30. Ne5 Qc8 31. Rd7 Qe8 32. h3 Rg8 33. Ne2 Bf8 34. Rd8 Be7 35. Rxe8 Bxf6 36. Rxg8 Kxg8 37. Nxc6 a6 38. c3 Be4 39. Ned4 Ng6 40. Nb8 Bb7 41. Nf5 Ne5 42. Nd6 Ba8 43. Nxa6 1-0

[Event "European Amateur-ch U2000 2019"]
[Site "Rhodes"]
[Date "2019.04.12"]
[Round "7.8"]
[White "Petukhov, Igor"]
[Black "Mohnblatt, Daniel"]
[Result "1/2-1/2"]
[ECO "B03"]
[WhiteElo "1819"]
[BlackElo "1708"]
[Annotator "NA"]
[PlyCount "80"]
[EventDate "2019.04.06"]
[EventType "swiss"]
[EventCountry "GRE"]
[SourceTitle "playchess.com"]
[Source "ChessBase"]
[SourceQuality "1"]
[TimeControl "40/5400+30:1800+30"]

1. e4 Nf6 2. e5 Nd5 3. d4 d6 4. c4 Nb6 5. f4 dxe5 6. fxe5 Nc6 7. Be3 Bf5 8. Be2 e6 9. Nf3 Be7 10. Nc3 O-O {[%emt 0:00:07] B03: Alekhine's Defence: Four Pawns Attack} 11. a3 (11. O-O f6 12. Qe1 fxe5 13. dxe5 Nd7 14. Rd1 Qe8 15. Qg3 Bc5 16. Qf2 b6 17. a3 a5 18. Nb5 Rc8 19. Bxc5 Nxc5 20. Qe3 {1-0 (43) Jones,G (2640)-Hjartarson,J (2536) chess.com INT 2018}) 11... a5 12. O-O f6 13. Nh4 fxe5 14. Nxf5 exf5 15. d5 $146 ({Predecessor:} 15. Nb5 f4 16. Bf2 e4 17. d5 e3 18. Be1 Ne5 19. Qc2 Bc5 20. Qe4 Qe7 21. Bc3 Nbxc4 {0-1 (21) Pohl,D-Stodola,Z Svetla nad Sazavou 1998}) 15... Nd4 $1 16. Bxd4 exd4 17. Qxd4 Nd7 18. Qd2 Nc5 19. Qc2 Qd7 20. Rad1 Bd6 21. Bd3 Nxd3 22. Qxd3 Rae8 23. Nb5 Bc5+ 24. Kh1 Re3 25. Qd2 Rfe8 26. Nd4 Bxd4 27. Qxd4 R8e4 28. Qc5 (28. Qa7 $11) 28... b6 29. Qc6 Qxc6 30. dxc6 $17 g6 31. Rd7 Re7 32. g4 Rxd7 33. cxd7 Rd3 34. gxf5 Rxd7 35. fxg6 hxg6 36. Kg2 Rd4 37. b3 Rd3 38. Rf3 Rd2+ 39. Kg3 Kg7 40. h4 Rd4 1/2-1/2

[Event "European Amateur-ch U2000 2019"]
[Site "Rhodes"]
[Date "2019.04.12"]
[Round "7.9"]
[White "Wlogalski, Olivier"]
[Black "Zanfir, Iulian"]
[Result "0-1"]
[ECO "A03"]
[WhiteElo "1853"]
[BlackElo "1699"]
[Annotator "NA"]
[PlyCount "141"]
[EventDate "2019.04.06"]
[EventType "swiss"]
[EventCountry "GRE"]
[SourceTitle "playchess.com"]
[Source "ChessBase"]
[SourceQuality "1"]
[TimeControl "40/5400+30:1800+30"]

1. b3 d5 2. Bb2 c6 3. e3 Nf6 4. f4 Bg4 5. Be2 Bxe2 6. Qxe2 Nbd7 7. Nf3 e6 $11 8. d3 Bc5 9. Nbd2 Qc7 10. Ne5 Nxe5 11. Bxe5 Bd6 12. Bxd6 Qxd6 13. O-O g6 14. a4 a5 15. Rad1 O-O 16. Nf3 Qc7 17. Ne5 Nd7 18. d4 Nf6 19. Qe1 c5 20. Qh4 Ne4 21. c4 f6 22. Nf3 dxc4 23. bxc4 Nc3 24. Rd3 cxd4 25. Nxd4 Qxc4 26. Rd2 e5 27. Nf3 Rf7 28. Rff2 Ne4 29. Rc2 Qd3 30. Rfe2 Qd1+ 31. Ne1 Qa1 32. h3 Qxa4 33. Nf3 Nd6 34. Ra2 Qd1+ 35. Kh2 Nf5 36. Qg4 Kg7 37. fxe5 fxe5 38. Qc4 Re7 39. Rad2 Qa1 40. e4 Nd4 41. Nxd4 exd4 42. Rxd4 b5 43. Qd5 Rae8 44. e5 Re6 45. Qb7+ R8e7 46. Rd7 Qa3 47. Qxb5 Rxd7 48. Qxd7+ Qe7 49. Qxe7+ Rxe7 50. Kg3 Kf7 51. Kf4 Ke6 52. Ra2 Ra7 53. Ke4 a4 54. Ra3 g5 55. g4 Ra5 56. Kd4 Rd5+ 57. Ke4 Rxe5+ 58. Kd4 Ra5 59. Ke4 Kd6 60. Kd4 h6 61. Kc4 Ke5 62. Kb4 Ra8 63. Kb5 Kd4 64. Kb4 Rb8+ 65. Ka5 Kc5 66. Rc3+ Kd4 67. Ra3 Kc4 68. Ra1 Ra8+ 69. Kb6 a3 70. Kb7 Ra4 71. Re1 0-1

[Event "European Amateur-ch U2000 2019"]
[Site "Rhodes"]
[Date "2019.04.12"]
[Round "7.10"]
[White "Frontzos, Ioannis"]
[Black "Florea, Dorina"]
[Result "1-0"]
[ECO "B52"]
[WhiteElo "1504"]
[BlackElo "1734"]
[Annotator "NA"]
[PlyCount "81"]
[EventDate "2019.04.06"]
[EventType "swiss"]
[EventCountry "GRE"]
[SourceTitle "playchess.com"]
[Source "ChessBase"]
[SourceQuality "1"]
[TimeControl "40/5400+30:1800+30"]

1. e4 c5 2. Nf3 d6 3. Bb5+ Bd7 4. Bxd7+ Qxd7 5. O-O Nc6 6. c4 Nf6 7. Nc3 e6 8. d4 cxd4 9. Nxd4 a6 10. Be3 Ne5 11. b3 Neg4 12. Bd2 h5 13. h3 Ne5 14. f4 Nc6 15. Nf3 Be7 16. Qe2 Qc7 17. Kh1 O-O-O 18. Be3 Rdf8 19. Rac1 Kb8 20. a3 Na5 21. Nd2 h4 22. Qf2 Nc6 23. b4 Nh5 24. Rfd1 Ng3+ 25. Kg1 Bf6 26. b5 Ne7 27. bxa6 bxa6 28. Na4 Nc6 29. Rb1+ Kc8 30. Nb6+ Kd8 31. Nd5 Qd7 32. Bb6+ Kc8 33. Nb4 Bd4 34. Bxd4 Nxd4 35. Nf3 Nde2+ 36. Kh2 Nc3 37. Nxa6 Nxb1 38. Rxb1 Kd8 39. c5 Nxe4 40. Qc2 d5 41. Ne5 1-0

[Event "European Amateur-ch U2000 2019"]
[Site "Rhodes"]
[Date "2019.04.13"]
[Round "8.1"]
[White "Kostov, Deyan Samuil"]
[Black "Demirbas, Emre"]
[Result "1/2-1/2"]
[ECO "B22"]
[WhiteElo "1830"]
[BlackElo "1960"]
[Annotator "NA"]
[PlyCount "165"]
[EventDate "2019.04.06"]
[EventType "swiss"]
[EventCountry "GRE"]
[SourceTitle "playchess.com"]
[Source "ChessBase"]
[SourceQuality "1"]
[TimeControl "40/5400+30:1800+30"]

1. e4 c5 2. Nf3 e6 3. c3 Nf6 4. e5 Nd5 5. d4 cxd4 6. cxd4 d6 7. a3 Nc6 8. Bd3 g6 9. O-O Bg7 10. Re1 O-O 11. b4 dxe5 12. dxe5 Qc7 13. Bb2 Rd8 14. Qb3 Nf4 15. Bf1 a6 16. g3 Nd5 17. Nbd2 b5 18. Rac1 Bb7 19. Ne4 Qb6 20. Nc5 Rac8 21. Bh3 a5 22. Ng5 Re8 23. Qf3 Nd8 24. Nxb7 Rxc1 25. Rxc1 Qxb7 26. Ne4 Bf8 27. bxa5 Nc6 28. Bg2 Nxa5 29. Qd3 Qd7 30. Qxd5 Qxd5 31. Nf6+ Kh8 32. Bxd5 Rd8 33. Bc6 Nc4 34. Rb1 Rd2 35. Bc3 Rc2 36. Bb4 Nxa3 37. Bxa3 Bxa3 38. Bxb5 Bc5 39. Rf1 h5 40. Bd3 Ra2 41. Ne4 Bd4 42. Ng5 Kg7 43. Bc4 Ra5 44. Nf3 Bxe5 45. Nxe5 Rxe5 46. Kg2 h4 47. Ra1 hxg3 48. hxg3 Rc5 49. Be2 Kf6 50. Ra6 Re5 51. Bd3 Rd5 52. Be4 Rb5 53. f3 Rb2+ 54. Kh3 Rb5 55. Ra8 Rh5+ 56. Kg2 Rb5 57. g4 Ke5 58. Kg3 Rc5 59. Rg8 Kf6 60. Kf4 Ra5 61. Rf8 Kg7 62. Re8 Kf6 63. Rg8 Rc5 64. Rd8 Ke7 65. Rg8 Kf6 66. Ra8 Rb5 67. Ra1 Rc5 68. Rg1 g5+ 69. Ke3 Ke5 70. Rh1 Rc3+ 71. Kd2 Ra3 72. Rh5 Kf4 73. Rh6 f5 74. Rxe6 fxe4 75. Rf6+ Kg3 76. fxe4 Kxg4 77. e5 Ra5 78. Re6 Kf3 79. Re8 g4 80. e6 Re5 81. e7 Kg3 82. Kd3 Re6 83. Kd2 1/2-1/2

[Event "European Amateur-ch U2000 2019"]
[Site "Rhodes"]
[Date "2019.04.13"]
[Round "8.2"]
[White "Ruzic, Pia Marie"]
[Black "Mihalache, Paul-Stelian"]
[Result "1-0"]
[ECO "A21"]
[WhiteElo "1800"]
[BlackElo "1830"]
[Annotator "NA"]
[PlyCount "79"]
[EventDate "2019.04.06"]
[EventType "swiss"]
[EventCountry "GRE"]
[SourceTitle "playchess.com"]
[Source "ChessBase"]
[SourceQuality "1"]
[TimeControl "40/5400+30:1800+30"]

1. c4 g6 2. Nc3 Bg7 3. g3 e5 4. Bg2 d6 5. e4 c6 6. Nge2 f5 7. d3 Nf6 8. O-O O-O 9. Kh1 Nbd7 10. f3 Nh5 11. Bh3 Nc5 12. Be3 f4 13. Bxc8 Rxc8 14. gxf4 exf4 15. Bf2 b6 16. d4 Ne6 17. d5 Ng5 18. Bh4 Bf6 19. dxc6 Nxe4 20. Nxe4 Bxh4 21. Qd5+ Kh8 22. Nxd6 Rc7 23. Rad1 Qe7 24. Nd4 Rf6 25. N4b5 Qe2 26. Nxc7 Ng3+ 27. hxg3 fxg3 28. Nf7+ Rxf7 29. Qd4+ Kg8 30. Qxh4 g2+ 31. Kg1 gxf1=Q+ 32. Rxf1 Qe3+ 33. Kg2 g5 34. Nd5 Qe2+ 35. Rf2 Qe6 36. Qe4 Qh6 37. c7 Rf8 38. c8=Q Rxc8 39. Ne7+ Kf7 40. Nxc8 1-0

[Event "European Amateur-ch U2000 2019"]
[Site "Rhodes"]
[Date "2019.04.13"]
[Round "8.3"]
[White "Zielinski, Olgierd"]
[Black "Flis, Pawel"]
[Result "1-0"]
[ECO "C89"]
[WhiteElo "1850"]
[BlackElo "1903"]
[Annotator "NA"]
[PlyCount "133"]
[EventDate "2019.04.06"]
[EventType "swiss"]
[EventCountry "GRE"]
[SourceTitle "playchess.com"]
[Source "ChessBase"]
[SourceQuality "1"]
[TimeControl "40/5400+30:1800+30"]

1. e4 e5 2. Nf3 Nc6 3. Bb5 a6 4. Ba4 Nf6 5. O-O Be7 6. Re1 b5 7. Bb3 O-O 8. c3 d5 9. exd5 Nxd5 10. Nxe5 Nxe5 11. Rxe5 c6 12. d3 Bd6 13. Re1 Bf5 14. Qf3 Qd7 15. h3 Rae8 16. Bd2 Nf4 17. d4 Rxe1+ 18. Bxe1 Nd3 19. Bc2 Nxe1 20. Qxf5 Qxf5 21. Bxf5 g6 22. Be4 Re8 23. Nd2 Bf4 24. Rxe1 Bxd2 25. Rd1 Rxe4 26. Rxd2 Re1+ 27. Kh2 Kf8 28. Kg3 Ke7 29. Kf3 Kd6 30. Re2 Ra1 31. a3 Rb1 32. Ke4 a5 33. Kd3 Rd1+ 34. Kc2 Rg1 35. g3 Rh1 36. h4 Rf1 37. Kd3 Rd1+ 38. Ke4 f6 39. h5 Rh1 40. hxg6 hxg6 41. g4 Rg1 42. f3 Rh1 43. Kf4 Rh3 44. g5 Rh4+ 45. Kg3 fxg5 46. Re5 Rh5 47. a4 b4 48. Rxa5 bxc3 49. bxc3 Rh1 50. Rxg5 Kd7 51. Kf4 Rc1 52. Rc5 Kd6 53. a5 Ra1 54. Kg5 Rg1+ 55. Kf6 Rf1 56. a6 Rxf3+ 57. Kxg6 Rg3+ 58. Kf5 Rf3+ 59. Ke4 Rf7 60. Ra5 Ra7 61. Kd3 Kc7 62. Kc4 Kb6 63. Ra1 Ra8 64. a7 Kb7 65. Kc5 Kc7 66. Rh1 Kb7 67. Rh7+ 1-0

[Event "European Amateur-ch U2000 2019"]
[Site "Rhodes"]
[Date "2019.04.13"]
[Round "8.4"]
[White "Jamba, Alexandru"]
[Black "Frontzos, Ioannis"]
[Result "1/2-1/2"]
[ECO "A29"]
[WhiteElo "1852"]
[BlackElo "1504"]
[Annotator "NA"]
[PlyCount "46"]
[EventDate "2019.04.06"]
[EventType "swiss"]
[EventCountry "GRE"]
[SourceTitle "playchess.com"]
[Source "ChessBase"]
[SourceQuality "1"]
[TimeControl "40/5400+30:1800+30"]

1. c4 e5 2. Nc3 Nf6 3. g3 Bb4 4. Bg2 O-O 5. Nf3 Nc6 6. d3 h6 7. O-O Bxc3 8. bxc3 Re8 9. e4 d6 10. h3 Na5 11. Be3 c6 12. Nd2 d5 13. cxd5 cxd5 14. Nb3 dxe4 15. dxe4 Qxd1 16. Rfxd1 Nc4 17. Bc5 b6 18. Bd6 Nxd6 19. Rxd6 Bb7 20. f3 Red8 21. Rad1 Rxd6 22. Rxd6 Kf8 23. Bf1 Ke7 1/2-1/2

[Event "European Amateur-ch U2000 2019"]
[Site "Rhodes"]
[Date "2019.04.13"]
[Round "8.5"]
[White "Bozinovic, Boban"]
[Black "Zakharov, Denis"]
[Result "1/2-1/2"]
[ECO "B09"]
[WhiteElo "1950"]
[BlackElo "1889"]
[Annotator "NA"]
[PlyCount "123"]
[EventDate "2019.04.06"]
[EventType "swiss"]
[EventCountry "GRE"]
[SourceTitle "playchess.com"]
[Source "ChessBase"]
[SourceQuality "1"]
[TimeControl "40/5400+30:1800+30"]

1. e4 d6 2. d4 Nf6 3. Nc3 g6 4. f4 Bg7 5. Nf3 O-O 6. Bd3 Nc6 7. e5 Nd7 8. O-O Nb4 9. Bc4 Nb6 10. Bb3 a5 11. a3 a4 12. Nxa4 Nxa4 13. Bxa4 Rxa4 14. c3 Ra6 15. cxb4 Bf5 16. b5 Rb6 17. a4 c6 18. Bd2 Qa8 19. d5 cxb5 20. axb5 Qe8 21. Be3 Rxb5 22. Nd4 Rxd5 23. Qf3 Be6 24. Rad1 dxe5 25. Nxe6 Rxd1 26. Rxd1 fxe6 27. Qxb7 exf4 28. Bc5 Bf6 29. b4 Qa8 30. Qb6 Kf7 31. Qc7 Qb8 32. Qc6 Rc8 33. Qf3 Qe5 34. h3 Qf5 35. Rf1 e5 36. Qd5+ Qe6 37. Qe4 Qc6 38. Qc4+ e6 39. Qe2 Rd8 40. Re1 Qd5 41. Qe4 Be7 42. Bxe7 Kxe7 43. Qxe5 Qxe5 44. Rxe5 Rd1+ 45. Kf2 Kd6 46. Rb5 Rb1 47. Rb7 h6 48. Rh7 Rxb4 49. Rxh6 g5 50. Rh5 Rb2+ 51. Kf3 Rb3+ 52. Kf2 Rg3 53. h4 gxh4 54. Rxh4 e5 55. Rh8 e4 56. Re8 e3+ 57. Kf1 Rg5 58. Re4 Rg4 59. g3 Kd5 60. Rxf4 Rxg3 61. Ke2 Ke5 62. Rf8 1/2-1/2

[Event "European Amateur-ch U2000 2019"]
[Site "Rhodes"]
[Date "2019.04.13"]
[Round "8.6"]
[White "Suliborski, Artur"]
[Black "Nagy, Laszlo Bence"]
[Result "1/2-1/2"]
[ECO "B90"]
[WhiteElo "1926"]
[BlackElo "1978"]
[Annotator "NA"]
[PlyCount "113"]
[EventDate "2019.04.06"]
[EventType "swiss"]
[EventCountry "GRE"]
[SourceTitle "playchess.com"]
[Source "ChessBase"]
[SourceQuality "1"]
[TimeControl "40/5400+30:1800+30"]

1. e4 c5 2. Nf3 d6 3. d4 cxd4 4. Nxd4 Nf6 5. Nc3 a6 6. h3 e5 7. Nde2 h5 8. Bg5 Be7 9. Bxf6 Bxf6 10. g3 Be6 11. Bg2 Nc6 12. Nd5 Bxd5 13. exd5 Nd4 14. O-O Nxe2+ 15. Qxe2 h4 16. c4 Qb6 17. Kh2 Ke7 18. b4 hxg3+ 19. fxg3 Rac8 20. Rab1 Rc7 21. Rfd1 Rd8 22. Bf3 Kf8 23. h4 a5 24. a3 axb4 25. axb4 Qa6 26. Rdc1 Qa3 27. Be4 Qa7 28. c5 dxc5 29. bxc5 Rxc5 30. Rxc5 Qxc5 31. Rxb7 Qc8 32. Qb5 Qc3 33. Ra7 Qd2+ 34. Bg2 e4 35. Qc5+ Kg8 36. Qc7 Qxd5 37. Ra5 Qe6 38. Qc2 e3 39. Qe2 Rd2 40. Ra8+ Bd8 41. Qxd2 exd2 42. Rxd8+ Kh7 43. Rxd2 Qe1 44. Rd4 f6 45. Rf4 Kg6 46. Be4+ Kf7 47. Bd5+ Kf8 48. Bg2 Qd2 49. Kh3 Ke7 50. Re4+ Kd6 51. Re8 Qc2 52. Re4 f5 53. Rd4+ Ke5 54. Rd5+ Ke6 55. Rd4 Qc3 56. Rf4 Ke5 57. Kh2 1/2-1/2

[Event "European Amateur-ch U2000 2019"]
[Site "Rhodes"]
[Date "2019.04.13"]
[Round "8.7"]
[White "Petukhov, Igor"]
[Black "Krzysztynska, Anna"]
[Result "0-1"]
[ECO "C50"]
[WhiteElo "1819"]
[BlackElo "1844"]
[Annotator "NA"]
[PlyCount "62"]
[EventDate "2019.04.06"]
[EventType "swiss"]
[EventCountry "GRE"]
[SourceTitle "playchess.com"]
[Source "ChessBase"]
[SourceQuality "1"]
[TimeControl "40/5400+30:1800+30"]

1. e4 e5 2. Nf3 Nc6 3. Bc4 Bc5 4. d4 exd4 5. O-O h6 6. c3 dxc3 7. Bxf7+ Kxf7 8. Qd5+ Kf8 9. Qxc5+ d6 10. Qa3 Bg4 11. Nxc3 Bxf3 12. gxf3 Nd4 13. Nd5 Nf6 14. Qd3 c5 15. Nf4 Qe8 16. b4 Nd7 17. bxc5 Ne5 18. Qc3 g5 19. Kh1 Nexf3 20. Be3 gxf4 21. Bxf4 Qxe4 22. Bxd6+ Kf7 23. Qe3 Qd5 24. Rad1 Rae8 25. Qf4+ Kg6 26. Rxd4 Nxd4+ 27. f3 Nf5 28. Rg1+ Kf6 29. h4 Rhg8 30. Rf1 Qxa2 31. Qb4 Qg2# 0-1

[Event "European Amateur-ch U2000 2019"]
[Site "Rhodes"]
[Date "2019.04.13"]
[Round "8.8"]
[White "Zanfir, Iulian"]
[Black "Mohnblatt, Daniel"]
[Result "1-0"]
[ECO "D05"]
[WhiteElo "1699"]
[BlackElo "1708"]
[Annotator "NA"]
[PlyCount "86"]
[EventDate "2019.04.06"]
[EventType "swiss"]
[EventCountry "GRE"]
[SourceTitle "playchess.com"]
[Source "ChessBase"]
[SourceQuality "1"]
[TimeControl "40/5400+30:1800+30"]

1. d4 Nf6 2. Nf3 e6 3. Nbd2 d5 4. e3 c5 5. c3 Be7 6. Bd3 Nc6 7. O-O O-O 8. dxc5 Bxc5 9. e4 dxe4 10. Nxe4 Nxe4 11. Bxe4 Qc7 12. Qe2 Ne7 13. Rd1 Bd7 14. Ne5 Bc6 15. Bf4 Bd6 16. Rxd6 Qxd6 17. Nxc6 Qxf4 18. Nxe7+ Kh8 19. Bxb7 Rab8 20. Bf3 Qf6 21. Nc6 Rb6 22. Rd1 h6 23. Rd2 Qg5 24. Qe3 a6 25. Qxg5 hxg5 26. Ne5 Rb5 27. Nc4 Rfb8 28. b3 g4 29. Bc6 Rc5 30. Be4 f5 31. Bc2 Rc6 32. g3 Kh7 33. Rd6 Rxd6 34. Nxd6 Kg6 35. c4 Kf6 36. a3 a5 37. Nb5 Rd8 38. b4 axb4 39. axb4 Rd2 40. Na3 Ke5 41. Kg2 g5 42. c5 f4 43. Nc4+ Kd5 1-0

[Event "European Amateur-ch U2000 2019"]
[Site "Rhodes"]
[Date "2019.04.13"]
[Round "8.9"]
[White "Minko, Olga"]
[Black "Wlogalski, Olivier"]
[Result "0-1"]
[ECO "A80"]
[WhiteElo "1833"]
[BlackElo "1853"]
[Annotator "NA"]
[PlyCount "66"]
[EventDate "2019.04.06"]
[EventType "swiss"]
[EventCountry "GRE"]
[SourceTitle "playchess.com"]
[Source "ChessBase"]
[SourceQuality "1"]
[TimeControl "40/5400+30:1800+30"]

1. d4 f5 2. h3 d5 3. f3 e6 4. Be3 Bd6 5. Bf2 Nf6 6. g4 O-O 7. Bg2 Qe7 8. Nc3 c6 9. Qd3 b6 10. e4 Ba6 11. Qe3 fxe4 12. fxe4 Nxe4 13. Nxe4 dxe4 14. Bxe4 Bc4 15. Ne2 Bd5 16. Qd3 Bxe4 17. Qxe4 Na6 18. Rf1 Nb4 19. c3 Nd5 20. O-O-O b5 21. Kb1 Rae8 22. Ng3 Qc7 23. Qg2 Rxf2 24. Qxf2 Bxg3 25. Qf3 Bd6 26. Qe4 a5 27. g5 a4 28. Rd3 a3 29. b4 Qe7 30. g6 h6 31. Rdf3 Qg5 32. R1f2 Qg1+ 33. Rf1 Qxf1+ 0-1